 Dungeon Crawl Stone Soup version 0.19.4-10-g532645f (webtiles) character file.

2578 empire the Skirmisher (level 9, -2/72 HPs)
             Began as a Mummy Fighter on Feb 23, 2017.
             Was an Initiate of Gozag.
             Slain by an orc warrior
             ... wielding a +0 halberd
              (9 damage)
             ... on level 6 of the Dungeon.
             The game lasted 00:15:42 (9002 turns).

empire the Skirmisher (Mummy Fighter)               Turns: 9002, Time: 00:15:42

Health: -2/72      AC: 14    Str: 22    XL:     9   Next: 32%
Magic:  13/13      EV:  5    Int:  7    God:    Gozag
Gold:   217        SH: 12    Dex: 16    Spells: 0 memorised, 8 levels left

rFire  . . .     SeeInvis .     b - +6 club
rCold  + + +     Gourm    .     p - +0 chain mail
rNeg   + + +     Faith    .     q - +2 shield of Resistance {rF+ rC+ MR+}
rPois  ∞         Spirit   .     (no helmet)
rElec  .         Reflect  .     t - +0 cloak
rCorr  .         Harm     .     A - +1 pair of gloves
MR     ++...                    r - +0 pair of boots
Stlth  ..........               (no amulet)
                                k - +4 ring of dexterity
                                h - ring of protection from cold

@: no status effects
A: no food or potions, fire vulnerability, cold resistance 1, negative energy
resistance 3, torment resistance, unbreathing
a: Potion Petition, Call Merchant, Bribe Branch, Renounce Religion


You were on level 6 of the Dungeon.
You worshipped Gozag.
Gozag was aware of your devotion.
You were not hungry.

You visited 2 branches of the dungeon, and saw 7 of its levels.

You collected 310 gold pieces.
You paid 93 gold pieces to Gozag.

Inventory:

Hand Weapons
 a - a +0 flail
 b - a +6 club (weapon)
 i - a +6 mace
 n - a +1 morningstar
 u - a +3 scythe of slicing
 x - a +4 quarterstaff of chaos
 z - a cursed +0 short sword
 B - a cursed -3 hand axe
Armour
 p - a +0 chain mail (worn)
 q - the +2 shield of Resistance (worn) {rF+ rC+ MR+}
   (You found it on level 5 of the Dungeon)

   It protects you from fire.
   It protects you from cold.
   It affects your resistance to hostile enchantments.
 r - a +0 pair of boots (worn)
 t - a +0 cloak (worn)
 v - a +2 robe of the Archmagi
 A - a +1 pair of gloves (worn)
Jewellery
 h - a ring of protection from cold (left hand)
 k - a +4 ring of dexterity (right hand)
Wands
 c - a wand of flame (26/48)
 o - a wand of flame (29/48)
Scrolls
 d - a scroll of fog
 e - 2 scrolls of teleportation
 f - a scroll of noise
 g - a scroll of immolation
 j - 2 scrolls of recharging
 l - a scroll of identify
 y - a scroll of magic mapping
Books
 m - a book of Air

   Spells                             Type                      Level
   a - Shock                          Conjuration/Air              1
   b - Swiftness                      Charms/Air                   2
   c - Repel Missiles                 Charms/Air                   2
   d - Static Discharge               Conjuration/Air              3
   e - Lightning Bolt                 Conjuration/Air              5
 s - a book of Minor Magic

   Spells                             Type                      Level
   a - Magic Dart                     Conjuration                  1
   b - Blink                          Translocation                2
   c - Call Imp                       Summoning                    2
   d - Repel Missiles                 Charms/Air                   2
   e - Slow                           Hexes                        2
   f - Conjure Flame                  Conjuration/Fire             3
   g - Mephitic Cloud                 Conjuration/Poison/Air       3


   Skills:
 - Level 7.0 Fighting
 + Level 5.0 Maces & Flails
 - Level 4.2 Armour
 - Level 4.1 Shields
 - Level 6.0 Evocations


You had 8 spell levels left.
You didn't know any spells.

Dungeon Overview and Level Annotations

Branches:
Dungeon (6/15)             Temple (1/1) D:6

Altars:
Ashenzari
Dithmenos
Fedhas
Gozag
Hepliaklqana
Kikubaaqudgha
Nemelex Xobeh
Okawaru
Qazlal
Yredelemnul
Zin
The Shining One


Innate Abilities, Weirdness & Mutations

You do not eat or drink.
Your flesh is vulnerable to fire.
You are immune to poison.
Your flesh is cold resistant. (rC+)
You are immune to negative energy. (rN+++)
You are immune to unholy pain and torment.
You can survive without breathing.


Message History

Your chain mail prevents you from hitting the orc warrior.
The orc warrior is severely wounded.
You block the orc's attack. You block the orc warrior's attack.
You closely miss the orc warrior.
The orc warrior is severely wounded.
You block the orc's attack.
The orc warrior hits you with a halberd.
Your shield prevents you from hitting the orc warrior.
The orc warrior is severely wounded.
The orc priest begins to cast a cantrip, but forgets the words!
You block the orc's attack.
The orc warrior hits you with a halberd!
* * * LOW HITPOINT WARNING * * *
As you read the scroll labeled XUWKO LABATH, it crumbles to dust.
It is a scroll of enchant armour.
Your +0 pair of gloves glows green for a moment.
The orc hits you but does no damage.
The orc warrior hits you from afar with a halberd!
You die...
Your body crumbles into a pile of gold.

.'.'>#.'.......#.#..... ######.#
.#.###.###.#...#...#.# #.#
.#.....###..##....#..# #######.#
.###'###.........##(#####.......#
.....#..###<####..(÷.............
.#..#..## #..# #oo.(###...###....
###...## ##.# #oo#.(##.#####.###
#..## #.# #.###.(..# ##..# ####
#.###@# #....###..## #.##..#
#.##..#(.## #.##.####.###.#(##
#..#.# #..# #.#(#
##.#.###.####.#.# ####
#.#.##..###..([###### ...#####
##.#.##.###...(.......
##.....#####....##.###.#(########
#####.((()(...#..>#...).########


You could see an orc warrior, an orc priest and 2 orcs.

Vanquished Creatures
  A hippogriff (D:6)
  Sigmund (D:2)
  Duvessa (D:5)
  4 ogres
  2 phantoms
  3 centaurs (D:6)
  Blork the orc (D:5)
  2 big kobolds (D:4)
  3 bullfrogs (D:6)
  A wyvern zombie (D:4)
  A gnoll sergeant (D:5)
  Dowan (D:5)
  2 crimson imps (D:5)
  A centaur zombie (D:5)
  2 hounds
  2 orc priests (D:4)
  Crazy Yiuf (D:2)
  3 orc wizards
  A bullfrog skeleton (D:6)
  3 iguanas
  Ijyb (D:2)
  Terence (D:2)
  3 worker ants
  3 hound skeletons
  A worker ant zombie (D:5)
  6 gnolls
  7 adders
  An ooze (D:2)
  An adder zombie (D:5)
  4 worms
  A dart slug (D:3)
  8 leopard geckos
  20 orcs
  A ball python (D:2)
  9 giant cockroaches
  8 goblins
  7 hobgoblins
  4 jackals
  2 quokkas
  7 bats
  4 frilled lizards
  14 kobolds
  2 quokka skeletons
  7 rats
  A fungus (D:2)
159 creatures vanquished.

Notes
Turn   | Place    | Note
-------+----------+-------------------------------------------
     0 | D:1      | empire the Mummy Fighter began the quest for the Orb.
     0 | D:1      | Reached XP level 1. HP: 18/18 MP: 1/1
   207 | D:1      | Reached XP level 2. HP: 8/24 MP: 2/2
   702 | D:1      | Reached XP level 3. HP: 29/29 MP: 3/3
  1285 | D:2      | Noticed Terence
  1312 | D:2      | Reached XP level 4. HP: 9/35 MP: 4/4
  1344 | D:2      | HP: 1/35 [Terence/flail (6)]
  1345 | D:2      | Killed Terence
  1913 | D:2      | Noticed Ijyb
  1929 | D:2      | Killed Ijyb
  1930 | D:2      | Reached XP level 5. HP: 8/41 MP: 5/5
  2217 | D:2      | Noticed Sigmund
  2994 | D:3      | Found a glowing golden altar of the Shining One.
  3025 | D:3      | Found a basalt altar of Yredelemnul.
  3027 | D:3      | Noticed a profane servitor
  3276 | D:3      | Noticed an angel
  3564 | D:4      | Noticed a phantom
  3622 | D:4      | Reached XP level 6. HP: 10/47 MP: 6/6
  3639 | D:4      | Reached skill level 5 in Maces & Flails
  4730 | D:4      | Reached skill level 1 in Evocations
  4730 | D:4      | Reached XP level 7. HP: 38/52 MP: 7/7
  5245 | D:5      | Entered Level 5 of the Dungeon
  5402 | D:5      | Noticed Blork the orc
  5426 | D:5      | Killed Blork the orc
  5736 | D:5      | Reached XP level 8. HP: 26/58 MP: 10/10
  6231 | D:5      | Noticed Duvessa
  6231 | D:5      | Noticed Dowan
  6250 | D:5      | Killed Dowan
  6251 | D:5      | Killed Duvessa
  6486 | D:5      | Reached skill level 5 in Evocations
  6878 | D:2      | Killed Sigmund
  7318 | D:2      | Found a runed door.
  7322 | D:2      | Noticed Crazy Yiuf
  7333 | D:2      | Killed Crazy Yiuf
  7718 | D:6      | Reached skill level 4 in Fighting
  7933 | D:6      | Noticed a hippogriff
  7935 | D:6      | Reached XP level 9. HP: 65/67 MP: 13/13
  7956 | D:6      | Reached skill level 5 in Fighting
  8107 | D:6      | Reached skill level 6 in Fighting
  8432 | D:6      | Found a staircase to the Ecumenical Temple.
  8440 | D:6      | Reached skill level 7 in Fighting
  8447 | Temple   | Entered the Ecumenical Temple
  8672 | Temple   | Became a worshipper of Gozag Ym Sagoz the Greedy
  8901 | D:6      | Found a shattered altar of Ashenzari.
  9002 | D:6      | Slain by an orc warrior

Skill      XL: |  1  2  3  4  5  6  7  8  9 |
---------------+----------------------------+-----
Maces & Flails | 2 3 4 5 |  5.0
Armour         | 3 4 |  4.2
Shields        | 3 4 |  4.1
Evocations     | 1 3 6 |  6.0
Fighting       | 4 7 |  7.0

Action                   |  1- 3 |  4- 6 |  7- 9 || total
-------------------------+-------+-------+-------++-------
Melee: Flail             |   130 |   234 |       ||   364
       Club              |       |    41 |   372 ||   413
  Use: Scroll            |     3 |     5 |     5 ||    13
Armor: Scale mail        |    64 |   108 |     2 ||   174
       Chain mail        |       |       |   146 ||   146
Dodge: Dodged            |    46 |    70 |    85 ||   201
Block: Shield            |    79 |   148 |   236 ||   463
